 Dungeon Crawl Stone Soup version 0.31-a0-437-g7cee417757 (webtiles) character file.

Game seed: 5690732519987766142

74 thewurscht the Trooper (level 4, -7/40 HPs)
             Began as a Draconian Fighter on Aug 2, 2023.
             Was an Initiate of Qazlal.
             Killed by divine providence
             ... invoked by an orc priest
              (12 damage)
             ... on level 3 of the Dungeon.
             The game lasted 00:13:34 (2294 turns).

thewurscht the Trooper (Draconian Fighter)          Turns: 2294, Time: 00:13:34

Health: -7/40      AC:  5    Str: 17 (19) XL:     4   Next: 10%
Magic:  4/4        EV: 12    Int:  6 (8)  God:    Qazlal [......]
Gold:   47         SH:  4    Dex: 11 (12) Spells: 3/3 levels left

rFire   . . .        a - +0 long sword
rCold   . . .        b - +0 buckler
rNeg    . . .        (body armour unavailable)
rPois   .            (helmet restricted)
rElec   .            (no cloak)
rCorr   .            (no gloves)
SInv    .            (no boots)
Will    .....        (no amulet)
Stlth   +            (no ring)
HPRegen 0.26/turn    (no ring)
MPRegen 0.09/turn

%: no passive effects
@: no status effects
A: AC +5, unfitting armour, cold-blooded
a: Renounce Religion


You were on level 3 of the Dungeon.
You worshipped Qazlal.
Qazlal was noncommittal.
You visited 1 branch of the dungeon, and saw 4 of its levels.

You collected 139 gold pieces.
You spent 92 gold pieces at shops.

Inventory:

Hand Weapons
 a - a +0 long sword (weapon)
Missiles
 m - 25 stones (quivered)
Armour
 b - a +0 buckler (worn)
Magical Staves
 s - a staff of conjuration
Jewellery
 t - a +5 ring of evasion
Talismans
 k - a dragon-blood talisman
Scrolls
 f - 2 scrolls of teleportation
 g - a scroll of silence
 h - 2 scrolls of poison {unknown}
 i - 2 scrolls of fear {unknown}
 j - 2 scrolls of identify {unknown}
 l - a scroll of immolation {unknown}
 q - 2 scrolls of enchant weapon {unknown}
Potions
 c - 2 potions of might
 d - 3 potions of lignification {unknown}
 e - 2 potions of curing {unknown}
 n - a potion of berserk rage {unknown}
 o - 3 potions of brilliance {unknown}
 p - a potion of haste {unknown}
 r - a potion of magic {unknown}


   Skills:
 + Level 4.1 Fighting
 + Level 2.5 Long Blades
 * Level 0.7 Throwing
 + Level 3.1 Dodging
 + Level 3.4 Shields


You had 3 spell levels left.
You didn't know any spells.
Your spell library contained the following spells:

 Spells                   Type           Power      Damage    Failure   Level
 Shock                    Conj/Air       0%         1d3       54%         1
 Swiftness                Air            0%         N/A       88%         3
 Airstrike                Air            0%         2d(0-16)  99%         4


Dungeon Overview and Level Annotations

Branches:
Dungeon (4/15)
 Temple: D:4-7

Altars:
Elyvilon
Okawaru
Qazlal

Shops:
D:3 *


Innate Abilities, Weirdness & Mutations

Your plain brown scales are hard. (AC +5)
You cannot fit into any form of body armour.
You are cold-blooded and may be slowed by cold attacks.


Message History

There is a stone staircase leading up here.
You climb upwards.
There is a stone staircase leading down here.
HP restored.
Done exploring.
You climb downwards.
The orc priest barely misses you.
The orc priest hits you with a +0 hand axe.
There is a stone staircase leading up, spattered with blood here.
The orc priest hits you with a +0 hand axe.
You climb upwards.
There is a stone staircase leading down here.
You barely miss the orc priest. The orc priest barely misses you.
You barely miss the orc priest.
The orc priest hits you with a +0 hand axe.
You barely miss the orc priest.
The orc priest hits you with a +0 hand axe. x2
You hit the orc priest.
You tail-slap the orc priest, but do no damage.
The orc priest is heavily wounded.
You block the orc priest's attack.
You closely miss the orc priest.
The orc priest is heavily wounded.
The orc priest hits you with a +0 hand axe.
You hit the orc priest.
The orc priest is almost dead.
The orc priest hits you with a +0 hand axe.
The orc priest misses you.
You closely miss the orc priest.
The orc priest is almost dead.
The orc priest calls down the wrath of Beogh upon you.
Pain shoots through your body!
* * * LOW HITPOINT WARNING * * *
You closely miss the orc priest.
The orc priest is almost dead.
The orc priest closely misses you.
You hit the orc priest but do no damage.
The orc priest is almost dead.
The orc priest invokes the aid of Beogh against you.
Beogh smites you!
You die...

#### #...# #####.###### #8.♣#
#......##... #...### #......##.##
#♣.♣#.## #...)..##.## #...#..#
#......##.##
##########♣.♣#..######......##.##
.........#...#...........#.###.##
##########♣.♣#..o.8.8.8#.#.# #.#
#...#..@..⌠)⌠.#...# #.#
##...)...8.∩.8#######.#
########.⌠.⌠.........#
#8.8.8.######## ####...# #####


You could see an orc priest.

Vanquished Creatures
  An adder (D:3)
  A worm (D:2)
  A dart slug (D:1)
  4 orcs (D:3)
  2 ball pythons (D:2)
  3 endoplasms
  6 goblins
  5 hobgoblins
  8 jackals (D:1)
  4 quokkas
  3 bats
  2 frilled lizards
  5 kobolds
  3 rats
48 creatures vanquished.

Notes
Turn   | Place    | Note
-------+----------+-------------------------------------------
     0 | D:1      | thewurscht the Draconian Fighter began the quest for the
                  | Orb.
     0 | D:1      | Reached XP level 1. HP: 19/19 MP: 1/1
   244 | D:1      | Reached XP level 2. HP: 18/26 MP: 2/2
   677 | D:2      | Reached XP level 3. HP: 33/33 MP: 3/3
  1034 | D:2      | Reached skill level 4 in Fighting
  1109 | D:2      | Found a white marble altar of Elyvilon.
  1740 | D:3      | Found Teopn's Assorted Antiques.
  1749 | D:3      | Bought a sedimented cyan potion for 23 gold pieces
  1749 | D:3      | Bought 2 sedimented clear potions for 46 gold pieces
  1749 | D:3      | Bought a viscous sapphire potion for 23 gold pieces
  1830 | D:3      | Reached XP level 4. HP: 35/40 MP: 4/4
  1937 | D:3      | Found a stormy altar of Qazlal.
  1944 | D:3      | Became a worshipper of Qazlal Stormbringer
  2116 | D:4      | Found an iron altar of Okawaru.
  2294 | D:3      | Killed from afar by an orc priest

Illustrated notes

Levels and vault maps discovered:
D:1:      eino_arrival_tree_alley, layout_basic
D:2:      layout_loops_ring, basic_altar, minmay_crystal_water
D:3:      layout_basic, nicolae_qazlal_eye_of_the_storm, serial_shops,
          nicolae_shop_temple_entry_statues_fountains, minmay_misc_feat_rugged,
          chequers_avenue
D:4:      layout_basic, okawaru_gym_becter, minmay_temple_entry_statues_pillars,
          kennysheep_small_circle, uniq_blork_the_orc

Skill      XL: |  1  2  3 |
---------------+----------+-----
Dodging        | 3 |  3.1
Fighting       | 4 |  4.1
Long Blades    | |  2.5
Throwing       | |  0.7
Shields        | |  3.4

Action                     |  1- 3 |  4- 6 || total
---------------------------+-------+-------++-------
  Melee: Long sword        |   155 |    22 ||   177
         Tailslap          |    16 |     1 ||    17
  Throw: Stone             |    14 |       ||    14
    Use: Scroll            |     2 |       ||     2
         Potion            |     1 |       ||     1
 Armour: Skin              |    31 |     8 ||    39
  Dodge: Dodged            |    94 |    10 ||   104
  Block: Buckler           |    38 |     1 ||    39

Table legend: (Time is in decaauts)
 A = Elapsed time spent in this place.
 B = Non-inter-level travel time spent in this place.
 C = Inter-level travel time spent in this place.
 D = Time resting spent in this place.
 E = Time spent auto-exploring this place.
 F = Levels seen in this place.
 G = Mean time per level.
                   A        B        C        D        E       F      G
               +--------+--------+--------+--------+--------+-----+--------+
         Total |   2354 |   2354 |      0 |      0 |   1623 |   4 |  588.5 |
       Dungeon |   2354 |   2354 |      0 |      0 |   1623 |   4 |  588.5 |
               +--------+--------+--------+--------+--------+-----+--------+

Top non-repeatable levels by time:
     D:2: 784 daAuts
     D:3: 750 daAuts
     D:1: 733 daAuts
     D:4: 85 daAuts
